 Dungeon Crawl Stone Soup version 0.27.1-1-g398f81649c (webtiles) character file.

Game seed: 3172648029641494597

756 WM2K the Vandal (level 7, -6/59 HPs)
             Began as a Minotaur Hunter on Sept 14, 2021.
             Shot with an arrow by a centaur (9 damage)
             ... on level 5 of the Dungeon on Sept 15, 2021.
             The game lasted 01:01:47 (8435 turns).

WM2K the Vandal (Minotaur Hunter)                   Turns: 8435, Time: 01:01:47

Health: -6/59      AC: 11    Str: 17    XL:     7   Next: 50%
Magic:  6/6        EV:  6    Int:  8    God:
Gold:   179        SH:  0    Dex: 12    Spells: 6/6 levels left

rFire    . . .     SeeInvis .   w - +0 scythe
rCold    . . .     Faith    .   (shield currently unavailable)
rNeg     . . .     Spirit   .   c - +0 plate armour
rPois    .         Reflect  .   (helmet restricted)
rElec    .         Harm     .   (no cloak)
rCorr    .         Rampage  .   (no gloves)
Will     .....                  (no boots)
Stlth    ..........             (no amulet)
HPRegen  0.19/turn              (no ring)
MPRegen  0.10/turn              (no ring)

@: no status effects
A: horns 2, retaliatory headbutt
a: no special abilities


You were on level 5 of the Dungeon.
You visited 1 branch of the dungeon, and saw 5 of its levels.

You collected 179 gold pieces.

Inventory:

Hand Weapons
 a - a +1 hunting sling
 b - a +0 short sword
 k - a +0 whip
 o - a +0 quarterstaff
 w - a +0 scythe (weapon)
Missiles
 g - 85 stones (quivered)
 j - 40 bolts
 l - 5 sling bullets
 t - 29 arrows
 x - 19 poisoned darts
Armour
 c - a +0 plate armour (worn)
 i - a +0 chain mail
Wands
 v - a wand of digging (2)
Scrolls
 e - a scroll of blinking {unknown}
 f - 3 scrolls of identify {unknown}
 h - 2 scrolls of magic mapping {unknown}
 n - a scroll of brand weapon {unknown}
 q - a scroll of acquirement {unknown}
 r - a scroll of silence {unknown}
 y - a scroll of enchant armour {unknown}
 z - a scroll of torment {unknown}
Potions
 d - 2 potions of cancellation {unknown}
 m - 2 potions of magic {unknown}
 p - a potion of haste {unknown}
 s - a potion of attraction {unknown}
 u - 2 potions of berserk rage {unknown}


   Skills:
 + Level 4.3 Fighting
 + Level 3.6(3.7) Polearms
 - Level 1.3(2.7) Staves
 * Level 7.6 Slings
 - Level 3.1 Armour
 * Level 3.5 Dodging
 + Level 0.8 Stealth


You had 6 spell levels left.
You didn't know any spells.
Your spell library was empty.

Dungeon Overview and Level Annotations

Branches:
Dungeon (5/15)
 Temple: D:4-7

Altars:
Sif Muna

Shops:
D:2 [

Annotations:
D:4 Pikel


Innate Abilities, Weirdness & Mutations

You have a pair of horns on your head.
You reflexively headbutt those who attack you in melee.


Message History

You kill the shadow imp!
You start resting.
A centaur comes into view.
The centaur moves out of view.
You start resting.
A centaur is nearby!
The centaur shouts!
The centaur wields a +0 shortbow.
The centaur shoots an arrow.
The arrow barely misses you.
The centaur shoots an arrow.
The arrow hits you.
The centaur shoots an arrow.
The arrow hits you!
The centaur shoots an arrow.
The arrow hits you.
An adder comes into view.
The adder hisses angrily.
The centaur shoots an arrow.
The arrow hits you but does no damage.
Found a stone staircase leading up.
The centaur shoots an arrow.
The arrow hits you!
* * * LOW HITPOINT WARNING * * *
The centaur shoots an arrow.
The arrow hits you.
* * * LOW HITPOINT WARNING * * *
A howler monkey skeleton comes into view.
The adder barely misses you. You furiously retaliate!
You headbutt the adder! You miss the adder. Your headbutt misses the adder.
The adder is severely wounded.
The adder bites you but does no damage. The adder barely misses you.
You furiously retaliate!
You headbutt the adder!
You kill the adder!
You hit the howler monkey skeleton.
The howler monkey skeleton is moderately damaged.
The centaur shoots an arrow.
The arrow hits you.
* * * LOW HITPOINT WARNING * * *
The howler monkey skeleton hits you but does no damage.
The centaur shoots an arrow.
The arrow hits you.
* * * LOW HITPOINT WARNING * * *
You slash the howler monkey skeleton!
You destroy the howler monkey skeleton!
The centaur shoots an arrow.
The arrow hits you!
* * * LOW HITPOINT WARNING * * *
The centaur shoots an arrow.
The arrow hits you!
You die...

#### #### #..
c.. #.#
#c#######.#
#<...c...#
#†######..#
#.<.....#@#
######.##†.....#
## #.####.# ..#
... .### . ..


You could see a centaur.

Vanquished Creatures
  Sigmund (D:4)
  Duvessa (D:4)
  An ogre (D:3)
  3 lemures (D:4)
  Dowan (D:4)
  A howler monkey (D:4)
  A jelly (D:4)
  A hound (D:4)
  2 iguanas
  2 orc wizards
  4 adders
  A howler monkey skeleton (D:5)
  A shadow imp (D:5)
  4 worms
  A dart slug (D:1)
  8 orcs
  10 endoplasms
  2 giant cockroaches
  6 goblins
  7 hobgoblins
  2 jackals
  4 quokkas
  11 ball pythons
  8 bats
  4 frilled lizards
  11 kobolds
  5 rats
103 creatures vanquished.

Notes
Turn   | Place    | Note
-------+----------+-------------------------------------------
     0 | D:1      | WM2K the Minotaur Hunter began the quest for the Orb.
     0 | D:1      | Reached XP level 1. HP: 18/18 MP: 0/0
   206 | D:1      | Reached XP level 2. HP: 25/25 MP: 1/1
   282 | D:1      | Reached skill level 5 in Slings
   575 | D:1      | Reached XP level 3. HP: 30/30 MP: 2/2
   950 | D:2      | Noticed an ogre
   950 | D:2      | Found a faded altar of an unknown god.
  1540 | D:2      | Reached XP level 4. HP: 38/38 MP: 3/3
  1657 | D:2      | Found a shimmering blue altar of Sif Muna.
  1938 | D:2      | Reached skill level 6 in Slings
  2093 | D:2      | Found Vofaust's Armour Boutique.
  3853 | D:3      | Reached skill level 1 in Armour
  3857 | D:3      | Reached XP level 5. HP: 40/45 MP: 4/4
  4488 | D:3      | Killed an ogre
  5076 | D:4      | Noticed Sigmund
  5186 | D:4      | Noticed Dowan
  5187 | D:4      | Noticed Duvessa
  5377 | D:3      | Reached skill level 7 in Slings
  5667 | D:4      | Killed Sigmund
  5668 | D:4      | Reached skill level 1 in Staves
  5668 | D:4      | Reached XP level 6. HP: 18/52 MP: 5/5
  6060 | D:4      | Reached skill level 1 in Polearms
  6509 | D:4      | Reached XP level 7. HP: 9/59 MP: 6/6
  7082 | D:5      | Entered Level 5 of the Dungeon
  7690 | D:4      | Killed Duvessa
  7862 | D:4      | Killed Dowan
  8129 | D:4      | Noticed Pikel
  8435 | D:5      | Shot with an arrow by a centaur

Illustrated notes

Levels and vault maps discovered:
D:1:      minmay_arrival_loop, layout_rooms
D:2:      minmay_razor_zed, layout_basic, ebering_ecumenical_altar_mist,
          serial_shops, shop_fountains, basic_altar
D:3:      layout_loops_ring, kennysheep_generic_room_11
D:4:      layout_loops_cross, st_stairs_9, minmay_misc_feat_ornament,
          uniq_grinder, uniq_sigmund, uniq_duvessa, uniq_blork_the_orc,
          uniq_pikel, uniq_crazy_yiuf_cottage
D:5:      kennysheep_windowed_halls, layout_loops_ring,
          minmay_temple_entry_butterflies, hangedman_decor_peaks_small

Skill      XL: |  1  2  3  4  5  6  7 |
---------------+----------------------+-----
Slings         | 5 6 7 |  7.6
Fighting       | 3 4 |  4.3
Armour         | 1 3 |  3.1
Staves         | 1 |  1.3
Polearms       | 1 3 |  3.6
Dodging        | 3 |  3.5
Stealth        | |  0.8

Action                   |  1- 3 |  4- 6 |  7- 9 || total
-------------------------+-------+-------+-------++-------
Melee: Quarterstaff      |       |    37 |       ||    37
       Headbutt          |       |    11 |     8 ||    19
       Scythe            |       |    32 |    53 ||    85
 Fire: Hunting sling     |   102 |   117 |    38 ||   257
Armor: Chain mail        |     5 |       |       ||     5
       Plate armour      |    53 |   121 |    49 ||   223
Dodge: Dodged            |    17 |    41 |    35 ||    93
